AoeStats
← ponzi

Arabia

505444738Analyzed
1v1 RM · 24d ago on Sep 9, 2026· 36m 25s· 2 players
Game mode
Random Map
Map size
Tiny (2 player)
Population
200
Speed
Normal
Resources
Standard
Victory
Conquest
Starting age
Dark Age
Ending age
Imperial Age
RankedLock teamsTeams togetherTeam positionsShared explorationLock speedFull tech treeHidden civsTurbo modeCheats
Victory
Defeat
🇲🇽 Persians · Mexico
953
+15
🇫🇮 Goths · Finland
932
-15
ponzi
0:25 Loom
11:09 Feudal Age
11:34 Double-Bit Axe
11:30 Horse Collar
19:26 Castle Age
31:30 Bow Saw
31:24 Heavy Plow
32:23 Wheelbarrow
36:32 Imperial Age
35:15 Forging
35:05 Scale Mail Armor
34:53 Pikeman
queenatico
7:18 Loom
10:02 Feudal Age
10:45 Double-Bit Axe
11:26 Man-at-Arms
24:17 Castle Age
22:35 Horse Collar
24:23 Stone Mining
24:27 Gold Mining
24:11 Long Swordsman
24:13 Crossbowman
25:31 Squires
29:02 Heavy Plow
30:59 Gold Shaft Mining
30:50 Forging
30:41 Scale Mail Armor
32:09 Iron Casting
33:15 Wheelbarrow
39:31 Imperial Age
Connection lost

Rejoining the realm…

Still unreachable

The connection could not be restored.

Session expired

The server has moved on; the page needs a fresh start.